 Dungeon Crawl Stone Soup version 0.30-a0-1066-g63dfefce0d (webtiles) character file.

Game seed: 5718345524781132329

528 IdlyInterested the Cutter (level 7, -1/52 HPs)
             Began as a Demonspawn Gladiator on Apr 12, 2023.
             Slain by an iguana (9 damage)
             ... while paralysed by Grinder
             ... on level 5 of the Dungeon.
             The game lasted 00:12:20 (4249 turns).

IdlyInterested the Cutter (Demonspawn Gladiator)    Turns: 4249, Time: 00:12:21

Health: -1/52      AC:  7    Str: 14    XL:     7   Next: 3%
Magic:  7/7        EV:  2    Int: 10    God:
Gold:   132        SH:  0    Dex: 16    Spells: 6/6 levels left

rFire   . . .      SeeInvis .    a - +1 rapier
rCold   . . .      Faith    .    (no shield)
rNeg    + . .      Spirit   .    t - +0 scale mail
rPois   .          Reflect  .    (helmet restricted)
rElec   .          Rampage  .    G - +0 cloak
rCorr   .                        (no gloves)
Will    +....                    (no boots)
Stlth   +                        (no amulet)
HPRegen 0.28/turn                x - ring of positive energy
MPRegen 0.10/turn                A - ring of willpower

@: paralysed, mighty, lethally poisoned (-1 -> -6)
A: horns 2, ignite blood 1, sturdy frame 1, demonic magic 1
a: no special abilities


You were on level 5 of the Dungeon.
You visited 1 branch of the dungeon, and saw 5 of its levels.

You collected 227 gold pieces.
You spent 95 gold pieces at shops.

Inventory:

Hand Weapons
 a - a +1 rapier (weapon)
 g - a +0 dagger of venom
 l - a +0 rapier
 n - the +5 long sword "Yhoo" {speed, rPois rC- rN+++}
   (You found it on level 3 of the Dungeon)

   rC:        It makes you vulnerable to cold.
   rPois:     It protects you from poison.
   rN:        It renders you almost immune to negative energy.
 r - a +0 dagger of draining
 s - a +2 short sword of draining
Missiles
 d - 3 throwing nets
 e - a javelin
 f - 59 stones
 j - 6 poisoned darts (quivered)
 E - 2 boomerangs
Armour
 t - a +0 scale mail (worn)
 G - a +0 cloak (worn)
Jewellery
 x - a ring of positive energy (left hand)
 A - a ring of willpower (right hand)
Wands
 B - a wand of flame (9)
 F - a wand of iceblast (6)
Scrolls
 h - 4 scrolls of blinking
 i - a scroll of teleportation
 y - a scroll of identify
 D - a scroll of brand weapon
Potions
 c - a potion of curing
 k - a potion of haste {unknown}
 m - a potion of might
 o - a potion of flight {unknown}
 p - a potion of berserk rage {unknown}
 q - 3 potions of lignification {unknown}
 u - a potion of heal wounds
 v - a potion of ambrosia
 w - 2 potions of attraction
 z - a potion of degeneration {unknown}
 C - a potion of mutation {unknown}


   Skills:
 - Level 3.0 Fighting
 * Level 6.2 Short Blades
 - Level 1.7 Throwing
 - Level 1.0 Armour
 - Level 2.6 Dodging
 + Level 2.5 Stealth
 - Level 1.0 Evocations


You had 6 spell levels left.
You didn't know any spells.
Your spell library contained the following spells:

 Spells                   Type           Power      Damage    Failure   Level
 Necrotise                Necr           0%         1d4       67%         1
 Poisonous Vapours        Pois/Air       0%         N/A       82%         2
 Mephitic Cloud           Conj/Pois/Air  0%         N/A       96%         3
 Vampiric Draining        Necr           0%         2d6       96%         3
 Agony                    Necr           0%         N/A       100%        5
 Freezing Cloud           Conj/Ice/Air   0%         6-21      100%        5


Dungeon Overview and Level Annotations

Branches:
Dungeon (5/15)
 Temple: D:4-7

Altars:
Ashenzari
Dithmenos

Shops:
D:4 ?:

Annotations:
D:5 Grinder


Innate Abilities, Weirdness & Mutations

You have a pair of horns on your head.
Your demonic aura sometimes causes spilled blood to erupt in flames.
Your movements are slightly less encumbered by armour. (ER -2)
Spells you cast may paralyse adjacent enemies.


Message History

You closely miss the water moccasin.
The water moccasin is moderately wounded.
The water moccasin completely misses you.
You hit the water moccasin.
The water moccasin is heavily wounded.
The water moccasin closely misses you.
You hit the water moccasin but do no damage.
The water moccasin is heavily wounded.
The water moccasin bites you but does no damage.
You closely miss the water moccasin. You headbutt the water moccasin!
The water moccasin is almost dead.
The water moccasin closely misses you. Grinder barely misses you.
The water moccasin bites you.
You barely miss the water moccasin.
The water moccasin is almost dead.
Grinder gestures at you. You resist with almost no effort.
The water moccasin bites you.
You barely miss the water moccasin.
Your headbutt misses the water moccasin.
The water moccasin is almost dead.
The water moccasin bites you.
You are poisoned.
The water moccasin poisons you! Grinder barely misses you.
The iguana barely misses you.
You feel very mighty all of a sudden.
You feel very sick. The water moccasin closely misses you.
Grinder gestures at you.
You suddenly lose the ability to move!
The iguana bites you.
The water moccasin bites you but does no damage.
You feel very sick. Grinder hits you but does no damage.
The water moccasin bites you but does no damage.
The iguana bites you!
You feel sick. The water moccasin bites you!
* * * LOW HITPOINT WARNING * * *
Grinder hits you.
* * * LOW HITPOINT WARNING * * *
The iguana bites you!
You die...

#......# ....... ..... + #. ..
##.... .# .. ..###....# #.## ##
....... ..##..). .##..
...#....##Sl.#.#.# .....
.........5@............ ....#
...................... ....#
.........##.#.......#
.....##..#......# ## ......#
........ #......## ###.....
........##.<.....####......
........#..............# #
...........#..###.....[# .#..
...........#...##...#.###..#.#.


You could see Grinder, a water moccasin and an iguana.

Vanquished Creatures
  A black bear (D:5)
  A scorpion (D:4)
  2 jellies
  2 hounds (D:5)
  A sleepcap (D:4)
  4 orc wizards
  2 gnolls (D:1)
  2 adders
  2 ufetubi (D:4)
  2 worms
  2 dart slugs
  10 orcs
  8 ball pythons
  4 bats
  6 endoplasms
  4 giant cockroaches
  5 goblins
  7 hobgoblins
  8 jackals
  4 kobolds
  5 quokkas
  A frilled lizard (D:1)
  2 rats
85 creatures vanquished.

Vanquished Creatures (others)
  6 plants (D:1)
6 creatures vanquished.

Grand Total: 91 creatures vanquished

Notes
Turn   | Place    | Note
-------+----------+-------------------------------------------
     0 | D:1      | IdlyInterested the Demonspawn Gladiator began the quest for
                  | the Orb.
     0 | D:1      | Reached XP level 1. HP: 16/16 MP: 1/1
   124 | D:1      | Reached skill level 3 in Short Blades
   142 | D:1      | Gained mutation: Your demonic aura sometimes causes spilled
                  | blood to erupt in flames. [demonic ancestry]
   142 | D:1      | Reached XP level 2. HP: 22/22 MP: 2/2
   259 | D:1      | Reached skill level 1 in Stealth
   390 | D:1      | Gained mutation: You have a pair of small horns on your
                  | head. [demonic ancestry]
   390 | D:1      | Reached XP level 3. HP: 27/27 MP: 3/3
  1124 | D:2      | Identified the +7 whip of Celef {spect, +Blink}
  1384 | D:2      | Found a faded altar of an unknown god.
  1409 | D:2      | Reached skill level 4 in Short Blades
  1411 | D:2      | Gained mutation: You have a pair of horns on your head.
                  | [demonic ancestry]
  1411 | D:2      | Reached XP level 4. HP: 28/33 MP: 4/4
  1662 | D:3      | Identified the +5 long sword "Yhoo" {speed, rPois rC-
                  | rN+++}
  2266 | D:3      | Reached skill level 1 in Armour
  2452 | D:3      | Reached XP level 5. HP: 37/38 MP: 5/5
  2456 | D:3      | Found a shadowy altar of Dithmenos.
  2633 | D:4      | Found Ceych's Magic Scroll Emporium.
  2817 | D:4      | Found a broken altar of Ashenzari.
  3198 | D:4      | Reached skill level 1 in Evocations
  3205 | D:4      | Reached skill level 5 in Short Blades
  3389 | D:4      | Found Enta's Self-Improvement Boutique.
  3404 | D:4      | Gained mutation: Spells you cast may paralyse adjacent
                  | enemies. [demonic ancestry]
  3404 | D:4      | Reached XP level 6. HP: 28/46 MP: 6/6
  3642 | D:4      | Bought a scroll of brand weapon for 95 gold pieces
  3684 | D:5      | Entered Level 5 of the Dungeon
  4134 | D:5      | Reached skill level 6 in Short Blades
  4134 | D:5      | Gained mutation: Your movements are slightly less
                  | encumbered by armour. (ER -2) [demonic ancestry]
  4134 | D:5      | Reached XP level 7. HP: 39/52 MP: 7/7
  4235 | D:5      | Noticed Grinder
  4247 | D:5      | Paralysed by Grinder for 3 turns
  4249 | D:5      | Slain by an iguana

Illustrated notes

Levels and vault maps discovered:
D:1:      dpeg_arrival_arbitrary_a, layout_basic, nicolae_grassy_gnolls
D:2:      layout_rooms, shapermc_ecumenical_altar_pompeii
D:3:      layout_basic, grunt_dithmenos_smoke_and_mirrors
D:4:      layout_basic, nicolae_ashenzari_skybound, serial_shops,
          nicolae_shop_behind_doors, eino_small_chamber_without_monster,
          grunt_ministairs_3, nicolae_hexahallways, nicolae_shop_self_help
D:5:      layout_cave_pools, minmay_temple_entry_proselytizer,
          minmay_misc_feat_doors, uniq_edmund, uniq_grinder

Skill      XL: |  1  2  3  4  5  6 |
---------------+-------------------+-----
Short Blades   | 3 4 5 6 |  6.2
Stealth        | 1 2 |  2.5
Armour         | 1 |  1.0
Evocations     | 1 |  1.0
Fighting       | 3 |  3.0
Throwing       | |  1.7
Dodging        | |  2.6

Action                     |  1- 3 |  4- 6 |  7- 9 || total
---------------------------+-------+-------+-------++-------
  Melee: Rapier            |    24 |    14 |    19 ||    57
         Dagger            |    66 |    32 |       ||    98
         Headbutt          |     7 |    21 |     4 ||    32
         Punch             |     1 |     2 |       ||     3
         Short sword       |       |    96 |       ||    96
  Throw: Dart              |       |     3 |       ||     3
    Use: Scroll            |     5 |     7 |       ||    12
         Potion            |       |       |     1 ||     1
   Stab: Sleeping          |     3 |       |       ||     3
 Armour: Leather armour    |    24 |     8 |       ||    32
         Scale mail        |       |    35 |     7 ||    42
  Dodge: Dodged            |    51 |    55 |    16 ||   122

Table legend: (Time is in decaauts)
 A = Elapsed time spent in this place.
 B = Non-inter-level travel time spent in this place.
 C = Inter-level travel time spent in this place.
 D = Time resting spent in this place.
 E = Time spent auto-exploring this place.
 F = Levels seen in this place.
 G = Mean time per level.
                   A        B        C        D        E       F      G
               +--------+--------+--------+--------+--------+-----+--------+
         Total |   4203 |   3357 |    846 |    564 |   1865 |   5 |  840.6 |
       Dungeon |   4203 |   3357 |    846 |    564 |   1865 |   5 |  840.6 |
               +--------+--------+--------+--------+--------+-----+--------+

Top non-repeatable levels by time:
     D:4: 1377 daAuts
     D:1: 999 daAuts
     D:3: 986 daAuts
     D:2: 622 daAuts
     D:5: 218 daAuts
